 Dungeon Crawl Stone Soup version 0.18.1-2-ga659475 (webtiles) character file.

154 vortex the Firebug (level 5, -2/30 HPs)
             Began as a Gargoyle Fire Elementalist on May 7, 2016.
             Slain by an ogre
             ... wielding a +0 giant club
              (3 damage)
             ... on level 3 of the Dungeon on May 8, 2016.
             The game lasted 00:12:05 (3589 turns).

vortex the Firebug (Gargoyle Fire Elementalist)     Turns: 3589, Time: 00:12:05

Health: -2/30      AC:  7    Str: 11    XL:     5   Next: 35%
Magic:  2/8        EV: 12    Int: 17    God:
Gold:   79         SH:  0    Dex: 10    Spells: 3 memorised, 0 levels left

rFire  . . .     SeeInvis .     d - -3 club
rCold  . . .     Gourm    .     a - +1 robe
rNeg   + . .     Faith    .     (no shield)
rPois  ∞         Spirit   .     (no helmet)
rElec  +         Dismiss  .     (no cloak)
rCorr  .         Reflect  .     (no gloves)
SustAt .         Harm     .     (no boots)
MR     .....                    (no amulet)
Stlth  ++........               (no ring)
                                (no ring)

@: very slightly contaminated, not resistant to hostile enchantments, unstealthy
A: negative energy resistance 1, electricity resistance, unbreathing,
petrification resistance, rot immunity, AC +4
a: no special abilities


You were on level 3 of the Dungeon.
You were hungry.

You visited 1 branch of the dungeon, and saw 4 of its levels.

You collected 79 gold pieces.

Inventory:

Hand Weapons
 d - a -3 club (weapon)
 k - a cursed -2 trident
Missiles
 p - 4 silver javelins (quivered)
Armour
 a - a +1 robe (worn)
 s - a +0 leather armour
Wands
 o - a wand of disintegration (7/24)
Scrolls
 j - a scroll of identify
Potions
 e - a potion of flight
 h - a potion of agility
 n - a potion of curing
 q - a potion of heal wounds {unknown}
 r - a potion of lignification {unknown}
Books
 b - a book of Flames

   Spells                             Type                      Level
   a - Flame Tongue                   Conjuration/Fire             1
   b - Throw Flame                    Conjuration/Fire             2
   c - Conjure Flame                  Conjuration/Fire             3
   d - Inner Flame                    Hexes/Fire                   3
   e - Sticky Flame                   Conjuration/Fire             4
   f - Fireball                       Conjuration/Fire             5
Comestibles
 c - 4 bread rations
 f - 3 fruits
 g - 2 chunks of flesh
 t - a slice of pizza
 u - 2 meat rations


   Skills:
 + Level 1.9 Fighting
 - Level 1.5 Dodging
 - Level 2.1 Stealth
 + Level 2.3 Spellcasting
 * Level 3.3 Conjurations
 * Level 4.2 Fire Magic


You couldn't memorise any spells.
You knew the following spells:

 Your Spells              Type           Power        Failure   Level  Hunger
a - Flame Tongue          Conj/Fire      ##...        4%          1    #......
b - Conjure Flame         Conj/Fire      ##......     14%         3    ###....
c - Sticky Flame          Conj/Fire      ##......     45%         4    #####..


Dungeon Overview and Level Annotations

Branches:
Dungeon (4/15)
 Temple: D:4-7

Altars:
Cheibriados
Dithmenos
Makhleb
Nemelex Xobeh
Okawaru
Pakellas
Zin


Innate Abilities, Weirdness & Mutations

You are resistant to torment.
Your stone body is resilient (AC +4).
You are immune to poison.
You resist negative energy.
You are resistant to electric shocks.
You can survive without breathing.
You are immune to petrification.
You are immune to rotting.


Message History

Ouch! That really hurt!
* * * LOW HITPOINT WARNING * * *
You climb upwards.
There is a stone staircase leading down here.
Evoke which item? (* to show all) (? for menu, Esc to quit)
Zapping:
o - a wand of disintegration (will waste charges)
Press: ? - help, Shift-Dir - straight line, f - ogre
Aim: an ogre, wielding a giant club (chance to defeat MR: 65%)
The ogre is blasted.
Evoking this partially-identified wand wasted a few charges.
The ogre hits you with a giant club!
* * * LOW HITPOINT WARNING * * *
Evoke which item? (* to show all) (? for menu, Esc to quit)
Zapping:
o - a wand of disintegration {zapped: 2} (will waste charges)
Press: ? - help, Shift-Dir - straight line, f/p - ogre
Aim: an ogre, wielding a giant club (severely wounded, chance to defeat MR: 65%)
The ogre struggles to resist.
Evoking this partially-identified wand wasted a few charges.
The ogre hits you with a giant club.
You die...

.........#..(..####.#.#.##
♣♣♣#.#.#########....#.###
♣♣♣♣.....##### #.#....#
♣♣.♣♣♣.......# #.#(####
....♣♣♣#.###.###.#.#
♣..♣♣♣♣♣.....#...#.#
♣♣♣.PP♣♣.....#.###.#
♣P.♣.P♣♣♣.#....###.#
..♣...♣ #......O@..#
...♣♣♣♣ #########..#
P...♣♣♣ #.....#..# ♣.♣.♣.♣
###.###.#..#
♣♣♣♣..♣♣♣...#......#
♣...♣.♣♣....#.#.#.##
..♣...♣♣......#.#.#
♣P....♣♣.######.#.#
♣♣....♣♣♣#....#.#.#


You could see an ogre.

Vanquished Creatures
  6 adders
  2 worms (D:3)
  2 dart slugs
  A giant gecko (D:2)
  6 orcs (D:3)
  2 ball pythons (D:1)
  5 bats
  6 giant cockroaches
  8 goblins
  10 hobgoblins
  8 jackals
  4 kobolds
  3 quokkas
  3 giant newts
  10 rats
76 creatures vanquished.

Vanquished Creatures (others)
  An ice dragon (D:2)
1 creature vanquished.

Grand Total: 77 creatures vanquished

Notes
Turn   | Place    | Note
--------------------------------------------------------------
     0 | D:1      | vortex the Gargoyle Fire Elementalist began the quest for the Orb.
     0 | D:1      | Reached XP level 1. HP: 10/10 MP: 3/3
   255 | D:1      | Reached XP level 2. HP: 15/15 MP: 0/5
   882 | D:1      | Reached skill level 1 in Fighting
   882 | D:1      | Reached XP level 3. HP: 20/20 MP: 1/6
   920 | D:1      | Learned a level 3 spell: Conjure Flame
  1644 | D:2      | Reached XP level 4. HP: 25/25 MP: 3/7
  1929 | D:2      | Found a sparkling altar of Nemelex Xobeh.
  1968 | D:2      | Found an iron altar of Okawaru.
  1968 | D:2      | Found a glowing silver altar of Zin.
  1968 | D:2      | Found a snail-covered altar of Cheibriados.
  1970 | D:2      | Found a shadowy altar of Dithmenos.
  1971 | D:2      | Found an oddly glowing altar of Pakellas.
  1975 | D:2      | Found a burning altar of Makhleb.
  2097 | D:2      | Found an oddly glowing altar of Pakellas.
  2097 | D:2      | Noticed an ice dragon
  2107 | D:2      | Killed an ice dragon
  2271 | D:2      | Reached skill level 4 in Fire Magic
  2771 | D:3      | Reached XP level 5. HP: 30/30 MP: 0/8
  3556 | D:4      | Noticed an ogre
  3564 | D:3      | Learned a level 4 spell: Sticky Flame
  3588 | D:3      | HP: 1/30 [ogre/giant club (10)]
  3589 | D:3      | Slain by an ogre

Skill      XL: |  1  2  3  4 |
---------------+-------------+-----
Conjurations   | 2 3 |  3.3
Fighting       | 1 |  1.9
Fire Magic     | 4 |  4.2
Dodging        | |  1.5
Stealth        | |  2.1
Spellcasting   | |  2.3

Action                   |  1- 3 |  4- 6 || total
-------------------------+-------+-------++-------
Melee: Unarmed           |    19 |       ||    19
       Club              |    10 |    43 ||    53
 Cast: Flame Tongue      |    67 |    69 ||   136
Evoke: Wand              |       |     2 ||     2
  Use: Scroll            |       |     8 ||     8
  Eat: Chunk             |     3 |     7 ||    10
Armor: Robe              |    15 |    23 ||    38
Dodge: Dodged            |    32 |    51 ||    83
